PCL
LAS VEGAS STARS @ TEXARKANA BEARS
04/28/2030
 
TOP OF THE 1ST
Las Vegas Stars batting - Pitching for Texarkana Bears : RHP Joe Utter
Pitching: RHP Joe Utter
Batting: LHB Alberto Varela 0-0: Called Strike
0-1: Swinging Strike
0-2: Ball
1-2: Ball
2-2: Ground out 6-3 (Groundball, 6)
Batting: SHB Júlio Salazar 0-0: Called Strike
0-1: Fly out, F6 (Popup, 6D)
Batting: LHB Morgan Wright 0-0: Called Strike
0-1: Ball
1-1: Foul Ball, location: 2F
1-2: Ball
2-2: Ball
3-2: Foul Ball, location: 2F
3-2: Strikes out swinging
Top of the 1st over - 0 runs, 0 hits, 0 errors, 0 left on base; Las Vegas 0 - Texarkana 0
BOTTOM OF THE 1ST
Texarkana Bears batting - Pitching for Las Vegas Stars : RHP Carl Willis
Pitching: RHP Carl Willis
Batting: LHB Alberto Medine 0-0: Ground out U3 (Groundball, 3)
Batting: RHB Sadao Kimura 0-0: Called Strike
0-1: Reached on error, E6 (Groundball, 6M)
Batting: RHB Billy Campbell 0-0: Foul Ball, location: 2F
0-1: Ball
1-1: Fly out, F8 (Flyball, 89D)
Batting: RHB Lu-fang Huie 0-0: Called Strike
0-1: Foul Ball, location: 2F
0-2: Ball
1-2: Ball
2-2: Foul Ball, location: 2F
2-2: SINGLE (Groundball, 6MS) (infield hit)
Sadao Kimura to second
Batting: LHB Sam Barnes 0-0: Fly out, F8 (Flyball, 78D)
Bottom of the 1st over - 0 runs, 1 hit, 1 error, 2 left on base; Las Vegas 0 - Texarkana 0
TOP OF THE 2ND
Las Vegas Stars batting - Pitching for Texarkana Bears : RHP Joe Utter
Batting: LHB Edward Rose 0-0: Ball
1-0: Called Strike
1-1: Fly out, F8 (Flyball, 8RD)
Batting: RHB Tomás Díaz 0-0: Called Strike
0-1: Foul Ball, location: 2F
0-2: Ball
1-2: Foul Ball, location: 2F
1-2: Strikes out swinging
Batting: RHB Ricardo Guzmán 0-0: Called Strike
0-1: Ball
1-1: Called Strike
1-2: Fly out, F3 (Line Drive, 34D)
Top of the 2nd over - 0 runs, 0 hits, 0 errors, 0 left on base; Las Vegas 0 - Texarkana 0
BOTTOM OF THE 2ND
Texarkana Bears batting - Pitching for Las Vegas Stars : RHP Carl Willis
Batting: RHB Marvin Johnson 0-0: Ball
1-0: Ground out 4-3 (Groundball, 4)
Batting: RHB Steve Garneys 0-0: Ball
1-0: Ball
2-0: Swinging Strike
2-1: Swinging Strike
2-2: Strikes out swinging
Batting: RHB Arturo Rodríguez 0-0: Ball
1-0: Called Strike
1-1: Swinging Strike
1-2: Strikes out looking
Bottom of the 2nd over - 0 runs, 0 hits, 0 errors, 0 left on base; Las Vegas 0 - Texarkana 0
TOP OF THE 3RD
Las Vegas Stars batting - Pitching for Texarkana Bears : RHP Joe Utter
Batting: RHB Guo-xiu Choi 0-0: Ball
1-0: SINGLE (Line Drive, 8RS)
Batting: RHB Gilberto Silva Pickoff Throw to First - Error! E1
Guo-xiu Choi to second
0-0: Ball
1-0: SINGLE (Flyball, 8LS)
Guo-xiu Choi to third
Runner from 3rd tries for Home, SAFE, no throw
Batting: RHB Fernando Bórquez 0-0: Swinging Strike
0-1: Ball
1-1: Fly out, F8 (Flyball, 8RD)
Batting: LHB Alberto Varela 0-0: Called Strike
0-1: Swinging Strike
0-2: Ball
1-2: Foul Ball, location: 2F
1-2: Ball
2-2: Fly out, F3 (Popup, 23F)
Batting: SHB Júlio Salazar 0-0: Called Strike
0-1: Ball
1-1: Ball
Pickoff Throw to First - Out!
Top of the 3rd over - 1 run, 2 hits, 1 error, 0 left on base; Las Vegas 1 - Texarkana 0
BOTTOM OF THE 3RD
Texarkana Bears batting - Pitching for Las Vegas Stars : RHP Carl Willis
Batting: RHB Kun Liu 0-0: Called Strike
0-1: Foul Ball, location: 2F
0-2: Ball
1-2: Ball
2-2: Strikes out swinging
Batting: LHB Alberto Medine 0-0: Ball
1-0: Ball
2-0: Called Strike
2-1: Called Strike
2-2: Ball
3-2: Strikes out swinging
Batting: RHB Sadao Kimura 0-0: Foul Ball, location: 2F
0-1: Fly out, F6 (Line Drive, 6M)
Bottom of the 3rd over - 0 runs, 0 hits, 0 errors, 0 left on base; Las Vegas 1 - Texarkana 0
TOP OF THE 4TH
Las Vegas Stars batting - Pitching for Texarkana Bears : RHP Joe Utter
Batting: SHB Júlio Salazar 0-0: Ball
1-0: Called Strike
1-1: Ball
2-1: SOLO HOME RUN (Flyball, 7D), Distance : 391 ft
Batting: LHB Morgan Wright 0-0: Fly out, F3 (Popup, 34S)
Batting: LHB Edward Rose 0-0: Ball
1-0: SINGLE (Popup, 56D)
Batting: RHB Tomás Díaz 0-0: Foul Ball, location: 2F
0-1: Foul Ball, location: 2F
0-2: Strikes out swinging
Batting: RHB Ricardo Guzmán 0-0: Ball
1-0: Foul Ball, location: 2F
1-1: Swinging Strike
1-2: Strikes out swinging
Top of the 4th over - 1 run, 2 hits, 0 errors, 1 left on base; Las Vegas 2 - Texarkana 0
BOTTOM OF THE 4TH
Texarkana Bears batting - Pitching for Las Vegas Stars : RHP Carl Willis
Batting: RHB Billy Campbell 0-0: Foul Ball, location: 2F
0-1: Ball
1-1: Foul Ball, location: 2F
1-2: Fly out, F3 (Popup, 3S)
Batting: RHB Lu-fang Huie 0-0: Ground out U3 (Groundball, 34S)
Batting: LHB Sam Barnes 0-0: Swinging Strike
0-1: Foul Ball, location: 2F
0-2: Ball
1-2: Ball
2-2: Ball
3-2: SINGLE (Groundball, 56D)
Batting: RHB Marvin Johnson 0-0: Foul Ball, location: 2F
0-1: Ball
Sam Barnes is caught stealing 2nd base
Bottom of the 4th over - 0 runs, 1 hit, 0 errors, 0 left on base; Las Vegas 2 - Texarkana 0
TOP OF THE 5TH
Las Vegas Stars batting - Pitching for Texarkana Bears : RHP Joe Utter
Batting: RHB Guo-xiu Choi 0-0: Called Strike
0-1: Foul Ball, location: 2F
0-2: Ball
1-2: Ball
2-2: Strikes out swinging
Batting: RHB Gilberto Silva 0-0: Ground out 5-3 (Groundball, 56)
Batting: RHB Fernando Bórquez 0-0: Ball
1-0: Ball
2-0: Ball
3-0: Base on Balls
Batting: LHB Alberto Varela 0-0: Foul Ball, location: 2F
0-1: Ball
1-1: Foul Ball, location: 2F
1-2: Ball
2-2: SINGLE (Groundball, 56D)
Fernando Bórquez to second
Fernando Bórquez to third
Batting: SHB Júlio Salazar 0-0: Ball
1-0: Ball
2-0: Foul Ball, location: 2F
2-1: Ground out 4-3 (Groundball, 4)
Top of the 5th over - 0 runs, 1 hit, 0 errors, 2 left on base; Las Vegas 2 - Texarkana 0
BOTTOM OF THE 5TH
Texarkana Bears batting - Pitching for Las Vegas Stars : RHP Carl Willis
Batting: RHB Marvin Johnson 0-0: Called Strike
0-1: SINGLE (Line Drive, 78S)
Batting: RHB Steve Garneys 0-0: Ball
1-0: Foul Ball, location: 2F
1-1: Called Strike
1-2: Strikes out looking
Batting: RHB Arturo Rodríguez 0-0: Ball
1-0: Called Strike
1-1: Ball
2-1: Foul Ball, location: 2F
2-2: Ball
3-2: Foul Ball, location: 2F
3-2: Foul Ball, location: 2F
3-2: Grounds into double play, 5-4-3 (Groundball, 56)
Bottom of the 5th over - 0 runs, 1 hit, 0 errors, 0 left on base; Las Vegas 2 - Texarkana 0
TOP OF THE 6TH
Las Vegas Stars batting - Pitching for Texarkana Bears : RHP Joe Utter
Batting: LHB Morgan Wright 0-0: Ball
1-0: Ball
2-0: Called Strike
2-1: Foul Ball, location: 2F
2-2: Ball
3-2: Base on Balls
Batting: LHB Edward Rose 0-0: Ball
1-0: Ball
2-0: Ball
3-0: Foul Ball, location: 2F
3-1: Foul Ball, location: 2F
3-2: Foul Ball, location: 2F
3-2: Fly out, F8 (Flyball, 8LS)
Now in RF: Darwin Crane
Batting: RHB Tomás Díaz 0-0: Ball
1-0: Ball
2-0: Foul Ball, location: 2F
2-1: Ball
3-1: Base on Balls
Morgan Wright to second
Batting: RHB Ricardo Guzmán 0-0: Ball
1-0: Ball
2-0: Foul Ball, location: 2F
2-1: Swinging Strike
2-2: Foul Ball, location: 2F
2-2: SINGLE (Groundball, 56D)
Morgan Wright to third
Tomás Díaz to second
Runner from 3rd tries for Home, SAFE, throw made home
Pitching: RHP Jesús Sosa
Batting: RHB Guo-xiu Choi 0-0: Called Strike
0-1: Ball
1-1: Ball
2-1: Ball
3-1: Base on Balls
Tomás Díaz to third
Ricardo Guzmán to second
Batting: RHB Gilberto Silva 0-0: Fly out, F7 (Flyball, 7S)
Runner from 3rd tags up, SCORES, throw made
Batting: RHB Fernando Bórquez 0-0: Called Strike
0-1: Swinging Strike
0-2: Ball
1-2: Fielders Choice at 2nd, 6-4 (Groundball, 6)
Top of the 6th over - 2 runs, 1 hit, 0 errors, 2 left on base; Las Vegas 4 - Texarkana 0
BOTTOM OF THE 6TH
Texarkana Bears batting - Pitching for Las Vegas Stars : RHP Carl Willis
Batting: RHB Kun Liu 0-0: Ball
1-0: Ground out 4-3 (Groundball, 4)
Batting: LHB Alberto Medine 0-0: Fly out, F8 (Flyball, 8RD)
Batting: RHB Darwin Crane 0-0: Ball
1-0: Called Strike
1-1: Called Strike
1-2: Strikes out swinging
Bottom of the 6th over - 0 runs, 0 hits, 0 errors, 0 left on base; Las Vegas 4 - Texarkana 0
TOP OF THE 7TH
Las Vegas Stars batting - Pitching for Texarkana Bears : RHP Jesús Sosa
Batting: LHB Alberto Varela 0-0: Called Strike
0-1: Foul Ball, location: 2F
0-2: Ball
1-2: Foul Ball, location: 2F
1-2: Strikes out swinging
Batting: SHB Júlio Salazar 0-0: Ball
1-0: Ball
2-0: Swinging Strike
2-1: Ball
3-1: Base on Balls
Batting: LHB Morgan Wright 0-0: Foul Ball, location: 2F
0-1: Foul Ball, location: 2F
0-2: Ball
1-2: Foul Ball, location: 2F
1-2: Foul Ball, location: 2F
1-2: Ball
2-2: Ball
3-2: SINGLE (Groundball, 34D)
Júlio Salazar to second
Júlio Salazar to third
Batting: LHB Edward Rose 0-0: Swinging Strike
0-1: Ball
1-1: Foul Ball, location: 2F
1-2: Foul Ball, location: 2F
1-2: Strikes out swinging
Batting: RHB Tomás Díaz 0-0: Ball
1-0: Ground out 4-3 (Groundball, 4)
Top of the 7th over - 0 runs, 1 hit, 0 errors, 2 left on base; Las Vegas 4 - Texarkana 0
BOTTOM OF THE 7TH
Texarkana Bears batting - Pitching for Las Vegas Stars : RHP Carl Willis
Batting: RHB Billy Campbell 0-0: Foul Ball, location: 2F
0-1: Ball
1-1: Ball
2-1: Swinging Strike
2-2: Strikes out looking
Batting: RHB Lu-fang Huie 0-0: Called Strike
0-1: Ball
1-1: Foul Ball, location: 2F
1-2: Ball
2-2: SINGLE (Line Drive, 5D)
Batting: LHB Sam Barnes 0-0: Ball
1-0: Foul Ball, location: 2F
1-1: Ball
2-1: Foul Ball, location: 2F
2-2: Foul Ball, location: 2F
2-2: Foul Ball, location: 2F
2-2: Ball
3-2: Foul Ball, location: 2F
3-2: Base on Balls
Lu-fang Huie to second
Batting: RHB Marvin Johnson 0-0: Ball
1-0: Foul Ball, location: 2F
1-1: Ball
2-1: Foul Ball, location: 2F
2-2: Fly out, F9 (Line Drive, 9D)
Runner from 2nd tags up, SAFE at 3rd, no throw
Batting: RHB Steve Garneys 0-0: Ball
1-0: Foul Ball, location: 2F
1-1: Ball
2-1: Ground out 5-3 (Groundball, 56S)
Bottom of the 7th over - 0 runs, 1 hit, 0 errors, 2 left on base; Las Vegas 4 - Texarkana 0
TOP OF THE 8TH
Las Vegas Stars batting - Pitching for Texarkana Bears : RHP Jesús Sosa
Batting: RHB Ricardo Guzmán 0-0: Ball
1-0: Swinging Strike
1-1: Foul Ball, location: 2F
1-2: Foul Ball, location: 2F
1-2: Ball
2-2: Ball
3-2: Foul Ball, location: 2F
3-2: Base on Balls
Pitching: RHP Vincente Fernández
Batting: RHB Guo-xiu Choi 0-0: Called Strike
Ricardo Guzmán steals 2nd base
0-1: Foul Ball, location: 2F
0-2: Ball
1-2: Ball
2-2: Strikes out looking
Batting: RHB Gilberto Silva 0-0: Intentional Walk
Batting: RHB Fernando Bórquez 0-0: Ball
1-0: Ball
2-0: Called Strike
2-1: Ball
3-1: Foul Ball, location: 2F
3-2: Foul Ball, location: 2F
3-2: Strikes out swinging
Batting: LHB Alberto Varela 0-0: Foul Ball, location: 2F
0-1: Fielders Choice at 2nd, U6 (Groundball, 6M)
Top of the 8th over - 0 runs, 0 hits, 0 errors, 2 left on base; Las Vegas 4 - Texarkana 0
BOTTOM OF THE 8TH
Texarkana Bears batting - Pitching for Las Vegas Stars : RHP Carl Willis
Batting: RHB Arturo Rodríguez 0-0: Ball
1-0: Foul Ball, location: 2F
1-1: Ball
2-1: DOUBLE (Groundball, 5L)
Batting: RHB Kun Liu 0-0: 2-RUN HOME RUN (Flyball, 78XD), Distance : 417 ft
Pitching: RHP Mark Head
Batting: LHB Alberto Medine 0-0: Ball
1-0: Foul Ball, location: 2F
1-1: Called Strike
1-2: Ball
2-2: Foul Ball, location: 2F
2-2: Strikes out swinging
Batting: RHB Darwin Crane 0-0: Ball
1-0: Foul Ball, location: 2F
1-1: Ball
2-1: SINGLE (Line Drive, 34D)
Batting: RHB Billy Campbell 0-0: Ball
1-0: Called Strike
1-1: Swinging Strike
1-2: Strikes out looking
Batting: RHB Lu-fang Huie 0-0: Ball
1-0: Ball
2-0: Swinging Strike
2-1: Ball
3-1: Base on Balls
Darwin Crane to second
Pitching: LHP Gian-Andrea Nota
Batting: LHB Sam Barnes 0-0: Ball
1-0: Fly out, F8 (Flyball, 89M)
Bottom of the 8th over - 2 runs, 3 hits, 0 errors, 2 left on base; Las Vegas 4 - Texarkana 2
TOP OF THE 9TH
Las Vegas Stars batting - Pitching for Texarkana Bears : RHP Vincente Fernández
Batting: SHB Júlio Salazar 0-0: Ball
1-0: Ball
2-0: Ground out 4-3 (Groundball, 4M)
Batting: LHB Morgan Wright 0-0: Ball
1-0: Ball
2-0: Swinging Strike
2-1: Ball
3-1: Base on Balls
Batting: LHB Edward Rose 0-0: Ball
1-0: Ball
2-0: Called Strike
2-1: Swinging Strike
2-2: Foul Ball, location: 2F
2-2: Ball
Wild Pitch!
Morgan Wright to second
3-2: Intentional Walk
Pinch Hitting: LHB Paco Rivera 0-0: Called Strike
0-1: Fly out, F5 (Popup, 25F)
Pinch Hitting: LHB Phil Smith 0-0: Called Strike
0-1: Called Strike
0-2: Strikes out looking
Top of the 9th over - 0 runs, 0 hits, 0 errors, 2 left on base; Las Vegas 4 - Texarkana 2
BOTTOM OF THE 9TH
Texarkana Bears batting - Pitching for Las Vegas Stars : LHP Gian-Andrea Nota
Pitching: RHP Roberto Moreno
Now at 3B: Gabriel Miranda
Now in LF: Phil Smith
Batting: RHB Marvin Johnson 0-0: Fly out, F8 (Flyball, 8LXD)
Batting: RHB Steve Garneys 0-0: Called Strike
0-1: Ball
1-1: Ground out 4-3 (Groundball, 4)
Batting: RHB Arturo Rodríguez 0-0: Swinging Strike
0-1: Foul Ball, location: 2F
0-2: Strikes out swinging
Bottom of the 9th over - 0 runs, 0 hits, 0 errors, 0 left on base; Las Vegas 4 - Texarkana 2
Saturday, April 7th, 2018 - OOTP Baseball 18.8 Build 76